 Dungeon Crawl Stone Soup version 0.24.1-14-gf8d2b509d9 (webtiles) character file.

Game seed: 12464955576702152851, levelgen mode: deterministic

158 Hugehornet the Cudgeler (level 5, -8/32 HPs)
             Began as a Gargoyle Fighter on May 24, 2020.
             Mangled by an ogre
             ... wielding a +0 giant club
              (12 damage)
             ... on level 4 of the Dungeon.
             The game lasted 00:03:10 (2920 turns).

Hugehornet the Cudgeler (Gargoyle Fighter)          Turns: 2920, Time: 00:03:11

Health: -8/32      AC: 10    Str: 24    XL:     5   Next: 39%
Magic:  5/5        EV:  7    Int: 10    God:
Gold:   129        SH:  9    Dex:  9    Spells: 4/4 levels left

rFire    . . .     SeeInvis +   a - +0 flail
rCold    . . .     Gourm    .   c - +0 shield
rNeg     + . .     Faith    .   b - +0 scale mail
rPois    ∞         Spirit   .   (no helmet)
rElec    +         Reflect  .   (no cloak)
rCorr    .         Harm     .   (no gloves)
MR       .....                  (no boots)
Stlth    ..........             (no amulet)
HPRegen  0.10/turn              i - ring of attention (curse)
MPRegen  0.09/turn              m - ring of see invisible

@: mighty
A: negative energy resistance 1, electricity resistance, unbreathing,
petrification resistance, rot immunity, AC +4
a: no special abilities


You were on level 4 of the Dungeon.
You were hungry.

You visited 1 branch of the dungeon, and saw 4 of its levels.

You collected 129 gold pieces.

Inventory:

Hand Weapons
 a - a +0 flail (weapon)
 o - a +0 war axe
Armour
 b - a +0 scale mail (worn)
 c - a +0 shield (worn)
 r - a +0 plate armour
Jewellery
 i - a cursed ring of attention (left hand)
 m - a ring of see invisible (right hand)
Scrolls
 j - 2 scrolls of teleportation {unknown}
 n - 2 scrolls of remove curse
 p - a scroll of enchant weapon {unknown}
 q - a scroll of enchant armour {unknown}
Potions
 e - a potion of brilliance
 g - a potion of ambrosia
 k - 2 potions of flight
 l - a potion of lignification
 s - a potion of agility {unknown}
Comestibles
 f - 3 rations


   Skills:
 - Level 3.2 Fighting
 + Level 5.4 Maces & Flails
 - Level 3.2 Armour
 - Level 3.2 Shields


You had 4 spell levels left.
You didn't know any spells.
Your spell library was empty.

Dungeon Overview and Level Annotations

Branches:
Dungeon (4/15)
 Temple: D:4-7

Altars:
Ru


Innate Abilities, Weirdness & Mutations

You are resistant to torment.
Your stone body is resilient. (AC +4)
You are immune to poison.
You resist negative energy. (rN+)
You are resistant to electric shocks. (rElec)
You can survive without breathing.
You are immune to petrification.
You are immune to rotting.


Message History

The ogre is heavily wounded.
Your shield and scale mail prevent you from hitting the ogre.
The ogre is heavily wounded.
The ogre hits you with a +0 giant club!
* * * LOW HITPOINT WARNING * * *
You feel much better. The ogre closely misses you.
You sock the ogre!
The ogre is almost dead.
You block the ogre's attack.
You barely miss the ogre.
The ogre is almost dead.
The ogre hits you with a +0 giant club!
Ouch! That really hurt!
You barely miss the ogre.
The ogre is almost dead.
The ogre hits you with a +0 giant club!
* * * LOW HITPOINT WARNING * * *
You feel very mighty all of a sudden. The ogre hits you with a +0 giant club!
You die...

.........+..<...^..+
###...#.##.........#
#...#.###.......##
#.#.#.# ##...[.##
#.....# ##...##
###.### ##+## #.#
#.# #.# ###.######
#.######....@O..#
#...................
#######......##.####
#......# # #..).....
#.##.#.### #.##.#>#
#......# ### ##


You could see an ogre.

Vanquished Creatures
  An orc priest (D:3)
  A gnoll (D:1)
  4 adders
  An ooze (D:3)
  2 worms (D:3)
  2 dart slugs
  2 leopard geckos (D:3)
  5 orcs (D:3)
  2 giant cockroaches
  4 goblins
  6 hobgoblins
  3 jackals (D:2)
  4 quokkas
  9 bats
  4 frilled lizards
  9 kobolds
  A leopard gecko skeleton (D:4)
  5 rats
65 creatures vanquished.

Notes
Turn   | Place    | Note
-------+----------+-------------------------------------------
     0 | D:1      | Hugehornet the Gargoyle Fighter began the quest for the
                  | Orb.
     0 | D:1      | Reached XP level 1. HP: 14/14 MP: 1/1
   195 | D:1      | Reached XP level 2. HP: 19/19 MP: 2/2
   239 | D:1      | Reached skill level 3 in Maces & Flails
   583 | D:1      | Reached XP level 3. HP: 1/23 MP: 3/3
  1848 | D:2      | Reached skill level 4 in Maces & Flails
  1907 | D:3      | Reached XP level 4. HP: 28/28 MP: 4/4
  1935 | D:3      | Found a sacrificial altar of Ru.
  2186 | D:3      | Reached skill level 5 in Maces & Flails
  2186 | D:3      | Reached XP level 5. HP: 32/32 MP: 5/5
  2907 | D:4      | Noticed an ogre
  2920 | D:4      | Mangled by an ogre

Levels and vault maps discovered:
D:1:      mrwooster_arrival_statue, layout_basic
D:2:      layout_basic, first_ration, hex_medium
D:3:      layout_basic, nicolae_ru_awakened_eye
D:4:      layout_loops_corners

Skill      XL: |  1  2  3  4 |
---------------+-------------+-----
Maces & Flails | 3 4 5 |  5.4
Fighting       | |  3.2
Armour         | |  3.2
Shields        | |  3.2

Action                   |  1- 3 |  4- 6 || total
-------------------------+-------+-------++-------
Melee: Flail             |   112 |   128 ||   240
  Use: Scroll            |     6 |     2 ||     8
       Potion            |       |     2 ||     2
  Eat: Chunk             |     2 |     4 ||     6
Armor: Scale mail        |    43 |    67 ||   110
Dodge: Dodged            |    39 |    42 ||    81
Block: Shield            |    61 |    51 ||   112
